 Dungeon Crawl Stone Soup version 0.31.0-12-g77e489cdc1 (webtiles) character file.

Game seed: 10579768638505617492

653 lonewolfV2 the Covered (level 7, -3/60 HPs)
             Began as a Formicid Fighter on Feb 14, 2024.
             Was an Initiate of Qazlal.
             Splashed by a jelly's acid (6 damage)
             ... on level 4 of the Dungeon.
             The game lasted 00:06:44 (4353 turns).

lonewolfV2 the Covered (Formicid Fighter)           Turns: 4353, Time: 00:06:45

Health: -3/60      AC:  1    Str: 20    XL:     7   Next: 84%
Magic:  7/7        EV:  9    Int:  8    God:    Qazlal [......]
Gold:   262        SH:  5    Dex: 15    Spells: 6/6 levels left

rFire   . . .        a - +1 war axe
rCold   . . .        c - +0 buckler
rNeg    . . .        b - +0 scale mail
rPois   .            (helmet unavailable)
rElec   .            (no cloak)
rCorr   .            (no gloves)
SInv    +            k - +0 pair of boots
Will    .....        (no amulet) Stlth
                     (no ring)
HPRegen 0.30/turn    (no ring)
MPRegen 0.10/turn

%: no passive effects
@: corroded
A: permanent stasis, dig shafts and tunnels, antennae 3, four strong arms
a: Dig, Shaft Self, Renounce Religion


You were on level 4 of the Dungeon.
You worshipped Qazlal.
Qazlal was noncommittal.
You visited 2 branches of the dungeon, and saw 5 of its levels.

You collected 262 gold pieces.

Inventory:

Hand Weapons
 a - a +1 war axe (weapon)
Armour
 b - a +0 scale mail (worn)
 c - a +0 buckler (worn)
 k - a +0 pair of boots (worn)
Jewellery
 g - a ring of flight
 h - a ring of fire
Scrolls
 d - a scroll of fog {unknown}
 e - 3 scrolls of teleportation
 l - a scroll of silence {unknown}
Potions
 f - a potion of brilliance
 i - 3 potions of attraction {unknown}
 j - a potion of degeneration {unknown}
 m - a potion of enlightenment


   Skills:
 + Level 7.0 Fighting
 - Level 2.0 Axes
 + Level 7.0 Armour
 - Level 4.0 Shields


You had 6 spell levels left.
You didn't know any spells.
Your spell library contained the following spells:

 Spells                   Type           Power      Damage    Failure   Level
 Magic Dart               Conj           0%         1d3       80%         1
 Searing Ray              Conj           0%         2d4       91%         2
 Fulminant Prism          Conj/Alch      0%         3d5       100%        4


Dungeon Overview and Level Annotations

Branches:
Dungeon (4/15)             Temple (1/1) D:4

Altars:
Cheibriados
Fedhas
Hepliaklqana
Makhleb
Nemelex Xobeh
Qazlal
Ru
Sif Muna
Trog
Yredelemnul

Shops:
D:1 !   D:4 **


Innate Abilities, Weirdness & Mutations

You cannot be hasted, slowed, berserked, paralysed or teleported.
You can dig through walls and to a lower floor.
You have a pair of large antennae on your head. (SInv)
Your four strong arms can wield two-handed weapons with a shield.


Message History

You block the phantom's attack.
You closely miss the phantom.
The phantom is moderately damaged.
The phantom hits you. The phantom closely misses you.
You barely miss the phantom.
The phantom is moderately damaged.
The phantom hits you but does no damage.
You slash the phantom!
The phantom is severely damaged.
The phantom hits you. The phantom closely misses you.
You slash the phantom!
You destroy the phantom!
Qazlal accepts your kill.
Your Fighting skill increases to level 7!
Your Armour skill increases to level 7!
You now have 262 gold pieces (gained 15).
A jelly comes into view.
A jelly is nearby!
A jelly is nearby!
A jelly is nearby!
The jelly hits you. The acid corrodes you!
You are splashed with acid!
You barely miss the jelly. The jelly hits you.
You are splashed with acid!
The jelly barely misses you.
You slash the jelly!
Your hands burn!
The jelly is moderately wounded.
The jelly hits you. The acid corrodes you!
You are splashed with acid!
You hit the jelly.
Your hands burn!
The jelly is severely wounded.
The jelly hits you.
You are splashed with acid!
You hit the jelly but do no damage. The acid corrodes you!
Your hands burn!
* * * LOW HITPOINT WARNING * * *
The jelly is severely wounded.
The jelly hits you.
* * * LOW HITPOINT WARNING * * *
You are splashed with acid!
* * * LOW HITPOINT WARNING * * *
The jelly hits you.
* * * LOW HITPOINT WARNING * * *
You are splashed with acid.
You die...

...##.# ######.#..#.#
#...#### ....<.#####
###.##.#.## #...#...
g..##.)...#
#.........####...#.## ..
#...%.###..###...............
. #..........#
#..(............
#.....##...###.##............
#.....##.......##.##.#..>#.##
###..♣##.......##.##.#...#...
#...##.##.@.....##.#...#.##
#♣.∩#.....J#######.#...#.#
#####.##..# #.......# #.##..#
####.#### #....#. #.####
....## #....## ....
####...... ##### #........#
#.##.....#


You could see a jelly.

Vanquished Creatures
  2 ogres (D:4)
  2 phantoms (D:4)
  An oklob sapling (D:4)
  2 hounds (D:4)
  An orc priest (D:4)
  Crazy Yiuf (D:3)
  A sleepcap (D:4)
  Terence (D:3)
  An iguana (D:4)
  3 adders
  A ribbon worm (D:4)
  7 orcs
  10 ball pythons
  3 endoplasms
  A giant cockroach (D:1)
  8 hobgoblins
  7 jackals
  14 kobolds
  A quokka (D:1)
  6 bats
  A frilled lizard (D:3)
  3 goblins
  4 rats
81 creatures vanquished.

Notes
Turn   | Place    | Note
-------+----------+-------------------------------------------
     0 | D:1      | lonewolfV2 the Formicid Fighter began the quest for the
                  | Orb.
     0 | D:1      | Reached XP level 1. HP: 18/18 MP: 1/1
     3 | D:1      | Noticed an electric eel
     4 | D:1      | Noticed an electric eel
    23 | D:1      | Found Hetomikk's Distillery.
   150 | D:1      | Reached XP level 2. HP: 23/24 MP: 2/2
   574 | D:1      | Reached XP level 3. HP: 30/30 MP: 3/3
  1336 | D:2      | Reached XP level 4. HP: 35/37 MP: 4/4
  2161 | D:3      | Noticed Terence
  2169 | D:3      | Killed Terence
  2170 | D:3      | Reached XP level 5. HP: 27/43 MP: 5/5
  2418 | D:3      | Found a faded altar of an unknown god.
  2422 | D:3      | Found a bloodstained altar of Trog.
  2481 | D:3      | Found a runed translucent door.
  2482 | D:3      | Noticed Crazy Yiuf
  2577 | D:3      | Killed Crazy Yiuf
  2703 | D:4      | Reached skill level 5 in Fighting
  2703 | D:4      | Reached skill level 5 in Armour
  2715 | D:4      | Noticed an ogre
  2725 | D:4      | Killed an ogre
  2726 | D:4      | Reached XP level 6. HP: 3/51 MP: 6/6
  3269 | D:4      | Found Cutoevau's General Store.
  3290 | D:4      | Found Aghinur's Assorted Antiques.
  3324 | D:4      | Reached XP level 7. HP: 42/58 MP: 7/7
  4030 | D:4      | Found a staircase to the Ecumenical Temple.
  4203 | Temple   | Entered the Ecumenical Temple
  4225 | Temple   | Became a worshipper of Qazlal Stormbringer
  4353 | D:4      | HP: 3/60 [jelly (1)]
  4353 | D:4      | Splashed by a jelly's acid

Illustrated notes

Levels and vault maps discovered:
D:1:      arrival_aquarium_b, layout_basic, serial_shops,
          nicolae_shop_industrial_runoff
D:2:      layout_rooms
D:3:      layout_basic, nicolae_overflow_ecumenical_swirl,
          uniq_crazy_yiuf_cottage, uniq_terence
D:4:      layout_loops_cross, minmay_temple_entry_oklob, serial_shops, shop,
          nicolae_shop_pleasant_corner_grove
Temple:   compressed_dpeg_triangle_lava_temple

Skill      XL: |  1  2  3  4  5  6  7 |
---------------+----------------------+-----
Fighting       | 4 5 6 7 |  7.0
Armour         | 4 5 6 7 |  7.0
Axes           | |  2.0
Shields        | |  4.0

Action                     |  1- 3 |  4- 6 |  7- 9 || total
---------------------------+-------+-------+-------++-------
  Melee: War axe           |    76 |    95 |    48 ||   219
    Use: Scroll            |     1 |     5 |       ||     6
         Potion            |       |     2 |       ||     2
 Armour: Scale mail        |    86 |    81 |    26 ||   193
  Dodge: Dodged            |    35 |    65 |    13 ||   113
  Block: Buckler           |    25 |    42 |     6 ||    73
